cohdb
Replays
Latest Replays
All Replays
Popular Replays
Top Player Replays
Match Explorer
How It Works
Community
CoH3 Stats
Reddit
Sign in to upload your games and track your stats! →
Sign in with Steam
Match 36596258
Unlisted
Match 36596258
Overview
Messages
Build Orders
End
Vickers Machine Gun Team
Construct Section Command Post
Selects Air and Sea Battlegroup
Selects Air and Sea Battlegroup
Dingo Light Scout Car
Infantry Section
Infantry Section
Selects Supply Surplus
Construct Platoon Command Post
Humber Armored Car
Construct Resource Cache
Selects Commando Section Paradrop
Selects Commando Support Section Paradrop
Commando Section Paradrop
Commando Support Section Paradrop
Construct Company Command Post
Crusader II Medium Tank
Crusader II Medium Tank
Construct Resource Cache
Crusader II Medium Tank
Construct Resource Cache
Armored Vehicle Training
Crusader II Medium Tank
【POW】Wu Kong
【POW】游骑
棒子收割者
OMJimas
0
0
Comments
sign in to comment!
No comments posted yet!